 Dungeon Crawl Stone Soup version 0.31.0-9-g3a7656b989 (webtiles) character file.

Game seed: 14157974884738341445

693 qw the Shooter (level 7, 0/35 HPs)
             Began as a Spriggan Hunter on Feb 2, 2024.
             Was an Initiate of Okawaru.
             Slain by a gnoll
             ... wielding a +0 spear
             ... led by a gnoll bouda
              (6 damage)
             ... on level 5 of the Dungeon.
             The game lasted 00:00:20 (3616 turns).

qw the Shooter (Spriggan Hunter)                    Turns: 3616, Time: 00:00:21

Health: 0/35       AC:  2    Str:  7    XL:     7   Next: 37%
Magic:  8/8        EV: 22    Int: 11    God:    Okawaru [......]
Gold:   208        SH:  0    Dex: 20    Spells: 6/6 levels left

rFire   . . .        a - +0 shortbow
rCold   . . .        (shield currently unavailable)
rNeg    . . .        c - +0 robe
rPois   .            (helmet restricted)
rElec   .            (no cloak)
rCorr   .            (gloves unavailable)
SInv    +            (boots unavailable)
Will    +....        b - amulet of regeneration
Stlth   ++           (no ring)
HPRegen 1.05/turn    (no ring)
MPRegen 0.11/turn

%: no passive effects
@: very quick
A: very small, no large weapons, unfitting armour, see invisible, speed 3
a: Renounce Religion


You were on level 5 of the Dungeon.
You worshipped Okawaru.
Okawaru was noncommittal.
You visited 2 branches of the dungeon, and saw 6 of its levels.

You collected 208 gold pieces.


Innate Abilities, Weirdness & Mutations

You are very small and have problems with some larger weapons.
You are too small for most types of armour.
You have supernaturally acute eyesight. (SInv)
You cover ground extremely quickly. (Speed+++)


   Skills:
 - Level 2.1 Fighting
 + Level 7.3 Ranged Weapons
 - Level 7.1 Dodging
 - Level 1.5 Stealth


You had 6 spell levels left.
You didn't know any spells.
Your spell library was empty.

Inventory:

Hand Weapons
 a - a +0 shortbow (weapon)
Armour
 c - a +0 robe (worn)
 d - a +0 cloak
Jewellery
 b - an amulet of regeneration (around neck)
 j - an amulet of faith
Scrolls
 h - a scroll of torment {unknown}
Potions
 e - a potion of resistance
 f - a potion of magic {unknown}
 g - a potion of berserk rage {unknown}
 i - 2 potions of enlightenment
 k - a potion of lignification {unknown}
 l - a potion of degeneration {unknown}

Dungeon Overview and Level Annotations

Branches:
Dungeon (5/15)             Temple (1/1) D:4

Altars:
Ashenzari
Dithmenos
Fedhas
Gozag
Hepliaklqana
Kikubaaqudgha
Makhleb
Nemelex Xobeh
Okawaru
Qazlal
Ru
Sif Muna
Trog
Uskayaw
Vehumet
Wu Jian
Yredelemnul
Zin
The Shining One

Annotations:
D:4 2 transporters, qw's ghost, amateur GrHu
D:5 1 transporter, qw's ghost, amateur DgHu


Message History

You shoot an arrow. The arrow hits the gnoll bouda.
The gnoll bouda is heavily wounded.
The gnoll misses you. The gnoll closely misses you.
The gnoll bouda gazes fiercely through you!
You feel your attacks grow feeble.
You shoot an arrow. The arrow hits the gnoll bouda.
The gnoll bouda is severely wounded.
The gnoll barely misses you. The gnoll closely misses you.
You shoot an arrow.
The arrow hits the gnoll bouda but does no damage.
The gnoll bouda is severely wounded.
The gnoll closely misses you.
The gnoll hits you from afar with a +0 halberd!
The gnoll hits you but does no damage. The gnoll bouda misses you.
You shoot an arrow. The arrow hits the gnoll bouda.
You kill the gnoll bouda!
Okawaru accepts your kill. The gnoll misses you. The gnoll closely misses you.
The gnoll completely misses you. x2
You shoot an arrow. The arrow hits the gnoll.
The gnoll is heavily wounded.
The gnoll closely misses you. The gnoll completely misses you.
The gnoll closely misses you.
You shoot an arrow. The arrow hits the gnoll.
The gnoll is severely wounded.
Your attacks no longer feel as feeble.
The gnoll hits you from afar with a +0 halberd.
The gnoll misses you. x2
You shoot an arrow. The arrow hits the gnoll.
You kill the gnoll!
Okawaru accepts your kill.
The gnoll hits you from afar with a +0 halberd!
The gnoll hits you from afar with a +0 spear!
You shoot an arrow. The arrow barely misses the gnoll.
The gnoll misses you. x2
You shoot an arrow. The arrow hits the gnoll!
The gnoll is heavily wounded.
The gnoll hits you but does no damage.
The gnoll hits you from afar with a +0 spear.
You die... #....# #....## #.....# #..(..#......# #.... +......# ggg

#......
###'####.....
#.)@g......#
#..........#
#..........#
#..........#
#..........#########
###########.........
#.........
#.........
#.........


You could see 4 gnolls.

Vanquished Creatures
  A black bear (D:5)
  An ogre (D:5)
  A killer bee (D:5)
  3 orc priests (D:3)
  A bombardier beetle (D:5)
  2 sleepcaps
  A gnoll bouda (D:5)
  An iguana (D:5)
  3 orc wizards (D:3)
  A gnoll (D:5)
  6 adders
  2 ribbon worms (D:2)
  5 dart slugs
  13 orcs
  5 endoplasms
  A giant cockroach (D:2)
  5 goblins
  13 hobgoblins
  5 jackals
  5 quokkas
  7 ball pythons
  5 bats
  A frilled lizard (D:3)
  5 kobolds
  6 rats
99 creatures vanquished.

Notes
Turn   | Place    | Note
-------+----------+-------------------------------------------
     0 | D:1      | qw the Spriggan Hunter began the quest for the Orb.
     0 | D:1      | Reached XP level 1. HP: 10/10 MP: 2/2
     0 | D:1      | 0 ||| qw: Version: 0.3-a-155-g5e7d8dd
     0 | D:1      | 0 ||| qw: Game counter: 204
     0 | D:1      | 0 ||| qw: Melee chars always use a shield: true
     0 | D:1      | 0 ||| qw: God list: Okawaru
     0 | D:1      | 0 ||| qw: Allow faded altars: false
     0 | D:1      | 0 ||| qw: Do Orc after clearing Dungeon:15 true
     0 | D:1      | 0 ||| qw: Do second Lair branch before Depths: true
     0 | D:1      | 0 ||| qw: Lair rune preference: random
     0 | D:1      | 0 ||| qw: Goals: Normal
     0 | D:1      | 0 ||| PLANNING D:1-11
   137 | D:1      | Reached skill level 3 in Dodging
   316 | D:1      | Reached XP level 2. HP: 14/14 MP: 3/3
   804 | D:1      | 804 ||| READING scroll labelled RYGORGH ZUGA.
   805 | D:1      | 805 ||| DROPPING scroll of butterflies.
   849 | D:2      | Reached XP level 3. HP: 17/18 MP: 4/4
  1250 | D:2      | Reached XP level 4. HP: 22/22 MP: 5/5
  1366 | D:2      | Found a sacrificial altar of Ru.
  1382 | D:2      | 1382 ||| READING scroll labelled VUNEOJ NAGOKHI.
  1483 | D:2      | 1483 ||| READING scroll labelled QYREDI HEILLUC.
  1488 | D:2      | 1488 ||| READING 2 scrolls labelled YNUUXK VUPPIC.
  1488 | D:2      | 1488 ||| IDENTIFYING metallic ruby potion
  1489 | D:2      | 1489 ||| READING scroll of identify.
  1489 | D:2      | 1489 ||| IDENTIFYING white potion
  1490 | D:2      | 1490 ||| READING scroll labelled HUETAN PYTTAH.
  1491 | D:2      | 1491 ||| READING 3 scrolls labelled QOLLUPNAXZA.
  1492 | D:2      | 1492 ||| DRINKING 2 fuming orange potions.
  1493 | D:2      | 1493 ||| DROPPING 2 scrolls of noise.
  1495 | D:2      | 1495 ||| Stepping ~*~*~tactically~*~*~ (cloud).
  1610 | D:3      | HP: 2/22 [orc priest/+0 club (6)]
  1611 | D:3      | 1611 ||| DRINKING potion of heal wounds.
  1670 | D:3      | Found a radiant altar of Vehumet.
  1675 | D:3      | Found an ornate altar of the Wu Jian Council.
  1678 | D:3      | Found a stormy altar of Qazlal.
  1685 | D:3      | Found a glowing golden altar of the Shining One.
  1770 | D:3      | 1770 ||| DRINKING dark potion.
  1772 | D:3      | Reached XP level 5. HP: 24/26 MP: 6/6
  1789 | D:3      | Found an opulent altar of Gozag.
  1853 | D:3      | 1853 ||| FLEEEEING.
  1929 | D:3      | HP: 6/26 [orc wizard/+0 dagger (2)]
  1933 | D:3      | Reached skill level 6 in Ranged Weapons
  2031 | D:3      | Reached XP level 6. HP: 28/30 MP: 7/7
  2611 | D:3      | 2611 ||| UPGRADING to amulet of regeneration.
  2616 | D:3      | 2616 ||| READING scroll labelled HAUTHOA XENAUS.
  2617 | D:3      | 2617 ||| READING scroll labelled WAOCUS XIZOICU.
  2687 | D:4      | 2687 ||| FLEEEEING.
  2702 | D:4      | Found a transporter.
  2745 | D:4      | Found a transporter.
  2745 | D:4      | Noticed qw's ghost (amateur GrHu)
  2762 | D:4      | Reached skill level 6 in Dodging
  2792 | D:4      | Identified the +7 hand axe of War {spect, ^Fragile rElec
                  | rN+}
  2803 | D:4      | Found a shadowy altar of Dithmenos.
  2818 | D:4      | Found a basalt altar of Yredelemnul.
  2819 | D:4      | Found a hide-covered altar of Uskayaw.
  2825 | D:4      | Found a bloodstained altar of Trog.
  2908 | D:4      | Found a staircase to the Ecumenical Temple.
  2909 | D:4      | 2909 ||| PLANNING TEMPLE
  2917 | Temple   | Entered the Ecumenical Temple
  2918 | Temple   | 2918 ||| PLANNING OKAWARU WORSHIP
  2929 | Temple   | Became a worshipper of Warmaster Okawaru
  2930 | Temple   | 2930 ||| PLANNING D:1-11
  3199 | D:5      | Entered Level 5 of the Dungeon
  3262 | D:5      | Found a transporter.
  3263 | D:5      | Noticed qw's ghost (amateur DgHu)
  3266 | D:5      | Identified the +6 giant club of Blue Gallantry {speed, rC-
                  | rCorr Str+4 Stlth+}
  3322 | D:5      | Noticed a yak
  3322 | D:5      | Noticed a yak
  3322 | D:5      | Noticed a yak
  3323 | D:5      | 3323 ||| RETREEEEATING.
  3324 | D:5      | 3324 ||| RETREEEEATING.
  3325 | D:5      | 3325 ||| RETREEEEATING.
  3326 | D:5      | 3326 ||| RETREEEEATING.
  3327 | D:5      | 3327 ||| RETREEEEATING.
  3336 | D:5      | HP: 4/30 [killer bee (4)]
  3336 | D:5      | Noticed a yak
  3337 | D:5      | 3337 ||| READING scroll of teleportation.
  3338 | D:5      | 3338 ||| DRINKING potion of heal wounds.
  3381 | D:5      | Reached XP level 7. HP: 35/35 MP: 8/8
  3614 | D:5      | HP: 3/35 [gnoll/+0 spear[a gnoll bouda] (7)]
  3616 | D:5      | Slain by a gnoll

Levels and vault maps discovered:
D:1:      amcnicky_arrival_flooded_fountain, layout_loops_ring, serial_forest,
          infiniplex_forest_end_1, infiniplex_forest_straight_4,
          infiniplex_forest_straight_4, infiniplex_forest_corner_2,
          infiniplex_forest_end_1, infiniplex_forest_end_3,
          infiniplex_forest_clump_small, infiniplex_forest_zigzag_2,
          hangedman_decor_growths
D:2:      minmay_alternating_diamond, layout_rooms, basic_altar,
          grunt_ministairs_14, minmay_misc_feat_nine_boxes, minmay_cupped
D:3:      minmay_inner_zag, layout_basic, mainiacjoe_overflow_alcove_1,
          nicolae_overflow_macrodata_refinement
D:4:      layout_basic, grunt_temple_overflow_open,
          minmay_temple_entry_poolview, gammafunk_ghost_mausoleum
D:5:      layout_gridville, nicolae_overflow_hidden_temple,
          gammafunk_ghost_smash, minmay_misc_feat_columns,
          kennysheep_generic_room_10
Temple:   hellmonk_temple_rainy

Skill      XL: |  1  2  3  4  5  6  7 |
---------------+----------------------+-----
Dodging        | 3 4 5 6 7 |  7.1
Ranged Weapons | 5 6 7 |  7.3
Fighting       | 2 |  2.1
Stealth        | |  1.5

Action                     |  1- 3 |  4- 6 |  7- 9 || total
---------------------------+-------+-------+-------++-------
   Fire: Shortbow          |   119 |   216 |    44 ||   379
    Use: Scroll            |     1 |     9 |       ||    10
         Potion            |       |     4 |       ||     4
 Armour: Robe              |    11 |    34 |    10 ||    55
  Dodge: Dodged            |    40 |   112 |    28 ||   180

Table legend:
 A = Non-vault XP
 B = Vault XP
 C = Vault XP percentage of total XP
 D = Non-vault monster count
 E = Vault monster count
 F = Vault count percentage of total count
                 A         B        C        D         E       F
            +---------+---------+-------+---------+---------+-------
      Total |     970 |      20 |   2.0 |      89 |      10 |  10.1
            +---------+---------+-------+---------+---------+-------
        D:1 |      33 |       0 |   0.0 |      18 |       0 |   0.0
        D:2 |      62 |      15 |  19.5 |      18 |       8 |  30.8
        D:3 |     287 |       5 |   1.7 |      22 |       2 |   8.3
        D:4 |      93 |       0 |   0.0 |      17 |       0 |   0.0
        D:5 |     495 |       0 |   0.0 |      14 |       0 |   0.0
            +---------+---------+-------+---------+---------+-------
